 Dungeon Crawl Stone Soup version 0.19-a0-45-g2c295ea (webtiles) character file.

8 ololoev the Skirmisher (level 2, 25/27 HPs)
             Began as a Hill Orc Fighter on May 5, 2016.
             Quit the game on level 1 of the Dungeon.
             The game lasted 00:00:26 (111 turns).

ololoev the Skirmisher (Hill Orc Fighter)            Turns: 111, Time: 00:00:26

Health: 25/27      AC:  6    Str: 18    XL:     2   Next: 8%
Magic:  2/2        EV:  9    Int:  8    God:
Gold:   28         SH:  0    Dex: 10    Spells: 0 memorised, 1 level left

rFire  . . .     SeeInvis .     a - -1 hand axe (curse)
rCold  . . .     Gourm    .     b - +0 scale mail
rNeg   . . .     Faith    .     (no shield)
rPois  .         Spirit   .     (no helmet)
rElec  .         Dismiss  .     (no cloak)
rCorr  .         Reflect  .     (no gloves)
SustAt .         Harm     .     (no boots)
MR     .....                    (no amulet)
Stlth  ..........               (no ring)
                                (no ring)

@: not resistant to hostile enchantments, extremely unstealthy
A: no striking features
a: no special abilities

Inventory:

Hand Weapons
 a - a cursed -1 hand axe (weapon)
Armour
 b - a +0 scale mail (worn)
Potions
 d - a potion of might
Comestibles
 f - a bread ration


   Skills:
 + Level 3.8 Fighting
 * Level 3.2 Axes
 + Level 3.4 Armour
   Level 3.2 Shields


You had one spell level left.
You didn't know any spells.


You were on level 1 of the Dungeon.
You were not hungry.

You visited 1 branch of the dungeon, and saw 1 of its levels.

You collected 28 gold pieces.

#............ .#
....###.#.#.###...#
.. #...#. ...#
###)#.#.###...##
+....†#...+....##
.##..#.##.#......#
.......†..........#
..#...#.#...#......#
..#.#...#.#@.....#
#...#.....#..!#...#
.#..#.....#..#.. .#
.# #.....###...#
..#...# ..#.. ...#)#
##.... ...# ..# .#

Notes
Turn   | Place    | Note
--------------------------------------------------------------
     0 | D:1      | ololoev the Hill Orc Fighter began the quest for the Orb.
     0 | D:1      | Reached XP level 1. HP: 19/19 MP: 1/1
   101 | D:1      | Reached XP level 2. HP: 24/27 MP: 2/2
   111 | D:1      | Quit the game

Dungeon Overview and Level Annotations

Branches:
Dungeon (1/15)

Altars:


Message History

You kill the kobold!
Your Axes skill increases to level 3!
A hobgoblin comes into view.
The hobgoblin shouts!
A giant cockroach comes into view.
Things that are here:
a dagger; a kobold corpse The giant cockroach bites you but does no damage.
You hit the giant cockroach but do no damage.
The giant cockroach bites you but does no damage.
Your scale mail prevents you from hitting the giant cockroach.
The giant cockroach closely misses you.
The giant cockroach bites you but does no damage.
You hit the giant cockroach.
You kill the giant cockroach!
You hit the hobgoblin.
The hobgoblin is moderately wounded.
The hobgoblin hits you but does no damage. x2
You slash the hobgoblin!
You kill the hobgoblin!
No target in view!
No target in view!
No target in view!
No target in view!
No target in view!
No target in view!
No target in view!
You now have 28 gold pieces (gained 14).
Things that are here:
a dagger; a kobold corpse You see here a hobgoblin corpse.
A kobold comes into view. It is wielding a dagger.
A kobold is nearby!
A kobold is nearby!
A kobold is nearby!
A kobold is nearby!
The kobold hits you but does no damage.
You barely miss the kobold. The kobold hits you but does no damage.
The kobold hits you with a dagger.
You hit the kobold but do no damage. The kobold hits you but does no damage.
Your scale mail prevents you from hitting the kobold.
The kobold barely misses you.
You hit the kobold.
You kill the kobold!
No target in view!
No target in view!
No target in view!
No target in view!
No target in view!
No target in view!
No target in view!
No target in view!
No target in view!
No target in view!
No target in view! 2 bats come into view.
Found a glowing hand axe and a dark potion.
You see here a dagger.
There are monsters nearby!
There are monsters nearby!
There are monsters nearby!
The bat hits you.
You barely miss the bat. The bat closely misses you. The bat misses you.
You hit the bat.
You kill the bat!
You have reached level 2!
The bat hits you but does no damage. The bat barely misses you.
The bat closely misses you. The bat hits you but does no damage.
Found a dagger.
You slash the bat!
You kill the bat!
You see here a glowing hand axe.
Drop what? 4/52 slots (_ for help) (? for menu, Esc to quit)
You are now empty-handed.
You drop a +0 war axe.
You stop training Axes.
a - a glowing hand axe You resume training Axes.
It sticks to your hand!
a - a cursed -1 hand axe (weapon)
Are you sure you want to abandon this character and quit the game? (Confirm with "yes".)

There were no monsters in sight!

Vanquished Creatures
  A giant cockroach (D:1)
  A hobgoblin (D:1)
  2 kobolds (D:1)
  3 bats (D:1)
  A giant newt (D:1)
8 creatures vanquished.

Action                   || total
-------------------------++-------
Melee: War axe           ||    20
Armor: Scale mail        ||    10
Dodge: Dodged            ||    13

Vault maps used:
D:1:      grunt_arrival_lava_bath, minmay_splitting_lines
